 Dungeon Crawl Stone Soup version 0.30-a0-691-g754fce4 (webtiles) character file.

Game seed: 9067210703500769315

516982 jagoly the Slayer (level 25, -1/299 HPs)
             Began as an Ogre Warper on Jan 18, 2023.
             Was a Priest of Jiyva.
             Slain by a frost giant
             ... wielding a +2 battleaxe of freezing
             ... created by the fury of Okawaru
              (3 damage)
             ... on level 1 of the Depths on Jan 19, 2023.
             The game lasted 07:08:59 (73184 turns).

jagoly the Slayer (Ogre Warper)                    Turns: 73184, Time: 07:09:01

Health: -1/299     AC: 16    Str: 32    XL:     25   Next: 74%
Magic:  27/48      EV: 14    Int: 14    God:    Jiyva [***...]
Gold:   2923       SH:  0    Dex:  6    Spells: 50/67 levels left

rFire   + + .      SeeInvis .    a - +5 giant spiked club (heavy)
rCold   + . .      Faith    .    (shield currently unavailable)
rNeg    + . .      Spirit   .    C - +0 storm dragon scales
rPois   .          Reflect  .    H - +2 hat of Ustimupi {Fly rF+ Str+2 Dex-2}
rElec   +          Harm     .    S - scarf {repulsion}
rCorr   +          Rampage  .    (gloves unavailable)
Will    +++..                    (boots unavailable) Stlth
                                 r - amulet of magic regeneration
HPRegen 1.81/turn                A - ring of Xom's Attic {Fly rC+ rN+ EV+5}
MPRegen 1.06/turn                B - ring "Pinyffor" {rF+ Will+}

@: flying, studying 2 skills, repel missiles
A: large, unfitting armour, tough skin 1
}: 2/15 runes: serpentine, barnacled
a: Renounce Religion, Oozemancy


You were on level 1 of the Depths.
You worshipped Jiyva.
Jiyva was most pleased with you.
You visited 11 branches of the dungeon, and saw 47 of its levels.
You also visited: Trove, Bailey and Ice Cave.

You collected 10008 gold pieces.
You spent 7085 gold pieces at shops.

Inventory:

Hand Weapons
 a - a +5 heavy giant spiked club (weapon)
 b - the +9 great mace of Sharkskin {vamp, Will+}
   (Okawaru gifted it to you on level 3 of the Vaults)

   Will:      It increases your willpower.
 e - the +7 giant club of the Common Good {holy, rC++ Int+4 SInv Stlth-}
   (Okawaru gifted it to you on level 4 of the Pits of Slime)

   Int:       It affects your intelligence (+4).
   rC:        It greatly protects you from cold.
   SInv:      It lets you see invisible.
   Stlth:     It makes you less stealthy.
 f - a +9 giant spiked club of protection
 w - the +7 lajatang of Order {silver, rMut}
   (You bought it in a shop on level 2 of the Orcish Mines)

   rMut:      It protects you from mutation.
Missiles
 d - 13 boomerangs of dispersal
 q - 5 silver javelins
 x - 8 throwing nets
 y - 30 large rocks
 G - 18 boomerangs (quivered)
 R - 15 javelins
 X - 10 curare-tipped darts
Armour
 C - +0 storm dragon scales (worn)
 H - the +2 hat of Ustimupi (worn) {Fly rF+ Str+2 Dex-2}
   (Okawaru gifted it to you in an ice cave)

   Str:       It affects your strength (+2).
   Dex:       It affects your dexterity (-2).
   rF:        It protects you from fire.
   Fly:       It grants you flight.
 S - a scarf of repulsion (worn)
Jewellery
 r - an amulet of magic regeneration (around neck)
 A - the ring of Xom's Attic (left hand) {Fly rC+ rN+ EV+5}
   (You found it on level 1 of the Vaults)

   [ring of evasion]

   EV:        It affects your evasion (+5).
   rC:        It protects you from cold.
   rN:        It protects you from negative energy.
   Fly:       It grants you flight.
 B - the ring "Pinyffor" (right hand) {rF+ Will+}
   (You acquired it on level 2 of the Snake Pit)

   [ring of protection from fire]

   rF:        It protects you from fire.
   Will:      It increases your willpower.
 T - the ring of the Cockroach {rPois rN+ Str+4 Dex+2}
   (You found it on level 8 of the Dungeon)

   [ring of poison resistance]

   Str:       It affects your strength (+4).
   Dex:       It affects your dexterity (+2).
   rPois:     It protects you from poison.
   rN:        It protects you from negative energy.
Wands
 s - a wand of light (19)
 N - a wand of digging (8)
 Q - a wand of roots (8)
Scrolls
 c - 3 scrolls of blinking
 h - 8 scrolls of poison
 m - 5 scrolls of immolation
 n - 12 scrolls of vulnerability
 t - 6 scrolls of butterflies
 J - a scroll of fear
 L - 10 scrolls of enchant armour
 M - 10 scrolls of fog
 P - 6 scrolls of magic mapping
 W - 20 scrolls of teleportation
 Z - 4 scrolls of silence
Potions
 j - 16 potions of flight
 l - 4 potions of resistance
 o - 10 potions of mutation
 p - 5 potions of berserk rage
 u - 10 potions of might
 v - 10 potions of heal wounds
 D - 4 potions of ambrosia
 E - 8 potions of brilliance
 I - 12 potions of curing
 K - 2 potions of cancellation
 O - 5 potions of invisibility
 U - 7 potions of haste
 V - 9 potions of magic
Miscellaneous
 g - a phial of floods
 i - a condenser vane (inert)
 k - a lightning rod (4/4)
 z - a box of beasts
 F - a phantom mirror


   Skills:
 - Level 26.0 Fighting
 - Level 22.0 Maces & Flails
 + Level 12.3 Throwing
 * Level 8.4 Armour
 - Level 12.0 Dodging
 - Level 2.0 Stealth
 + Level 21.7 Spellcasting
 + Level 16.1 Translocations
 - Level 2.0 Invocations
 - Level 4.0 Evocations


You had 50 spell levels left.
You knew the following spells:

 Your Spells              Type           Power      Damage    Failure   Level
p - Passage of Golubria   Tloc           57%        N/A       1%          4
q - Apportation           Tloc           100%       N/A       0%          1
A - Manifold Assault      Tloc           57%        N/A       1%          4
B - Blink                 Tloc           100%       N/A       1%          2
D - Dispersal             Tloc           28%        N/A       2%          6

Your spell library contained the following spells:

 Spells                   Type           Power      Damage    Failure   Level
 Lesser Beckoning         Tloc           100%       N/A       1%          2
 Gell's Gravitas          Tloc           57%        N/A       1%          3
 Teleport Other           Tloc           57%        N/A       1%          3
 Vhi's Electric Charge    Tloc/Air       74%        N/A       1%          3
 Freeze                   Ice            60%        1d7       12%         1
 Kiss of Death            Conj/Necr      60%        2d10      12%         1
 Magic Dart               Conj           60%        1d6       12%         1
 Summon Forest            Summ/Tloc      18%        N/A       12%         5
 Call Imp                 Summ           15%        N/A       19%         2
 Scorch                   Fire           30%        2d7       19%         2
 Sublimation of Blood     Necr           15%        N/A       19%         2
 Wereblood                Tmut           15%        N/A       19%         2
 Frozen Ramparts          Ice            30%        1d5       34%         3
 Hailstorm                Conj/Ice       15%        3d5       34%         3
 Mephitic Cloud           Conj/Pois/Air  15%        N/A       34%         3
 Ozocubu's Armour         Ice            15%        N/A       34%         3
 Summon Guardian Golem    Hex/Summ       15%        N/A       34%         3
 Tukima's Dance           Hex            15%        N/A       34%         3
 Vampiric Draining        Necr           15%        2d7       34%         3
 Airstrike                Air            7%         2d(2-18)  75%         4
 Anguish                  Hex/Necr       7%         N/A       75%         4
 Animate Dead             Necr           15%        N/A       75%         4
 Dispel Undead            Necr           15%        3d10      75%         4
 Flame Wave               Conj/Fire      15%        2d7       75%         4
 Leda's Liquefaction      Hex/Erth       7%         N/A       75%         4
 Petrify                  Tmut/Erth      15%        N/A       75%         4
 Summon Lightning Spire   Summ/Air       15%        N/A       75%         4
 Alistair's Intoxication  Tmut/Pois      10%        N/A       97%         5
 Blade Hands              Tmut           7%         N/A       97%         5
 Borgnjor's Vile Clutch   Necr/Erth      7%         N/A       97%         5
 Irradiate                Conj/Tmut      7%         3d14      97%         5
 Lee's Rapid Deconstruct  Erth           7%         3d7*      97%         5
 Lightning Bolt           Conj/Air       7%         1d20      97%         5
 Metabolic Englaciation   Hex/Ice        7%         N/A       97%         5
 Yara's Violent Unravell  Hex/Tmut       7%         3d5       97%         5
 Death Channel            Necr           7%         N/A       100%        6
 Eringya's Noxious Bog    Tmut/Pois      7%         N/A       100%        6
 Simulacrum               Ice/Necr       7%         N/A       100%        6
 Statue Form              Tmut/Erth      10%        N/A       100%        6
 Summon Cactus Giant      Summ           7%         N/A       100%        6
 Dragon Form              Tmut           7%         N/A       100%        7
 Enfeeble                 Hex            7%         N/A       100%        7
 Haunt                    Necr/Summ      7%         N/A       100%        7
 Orb of Destruction       Conj           7%         9d6       100%        7
 Ozocubu's Refrigeration  Ice            7%         4d9       100%        7
 Spellforged Servitor     Conj/Summ      7%         N/A       100%        7
 Storm Form               Tmut/Air       7%         N/A       100%        7
 Summon Hydra             Summ           7%         N/A       100%        7
 Ignition                 Fire           7%         3d5       100%        8
 Maxwell's Capacitive Co  Air            7%         ∞         100%        8
 Death's Door             Necr           7%         N/A       100%        9


Dungeon Overview and Level Annotations

Branches:
Dungeon (15/15) Zot: 21426  Temple (1/1) D:7 Zot: 5117    Lair (5/5) D:8 Zot: 17495
 Shoals (4/4) Lair:2 Zot: 19102   Snake (4/4) Lair:3 Zot: 16332   Slime (5/5) Lair:5 Zot: 26295
    Orc (2/2) D:11 Zot: 9065     Elf (3/3) Orc:2 Zot: 12984  Vaults (4/5) D:13 Zot: 16019
  Crypt (3/3) Vaults:2 Zot: 15505    Tomb (0/3) Crypt:3      Depths (1/4) D:15 Zot: 5724
 Bailey (visited)           IceCv (visited)

Altars:
Ashenzari
Cheibriados
Dithmenos
Elyvilon
Fedhas
Gozag
Hepliaklqana
Kikubaaqudgha
Makhleb
Nemelex Xobeh
Okawaru
Qazlal
Ru
Sif Muna
Trog
Uskayaw
Vehumet
Wu Jian
Xom
Yredelemnul
Zin
The Shining One
Jiyva
Lugonu

Shops:
D:8 **   D:11 [   D:15 (   Orc:1 (*   Orc:2 !(::   Snake:2 (?   Vaults:2 [*!
Vaults:3 (=[*

Portals:
Abyss: Lair:5
Pandemonium: Depths:1

Annotations:
Slime:5 Royal Jelly
Elf:2 3 runed translucent doors
Crypt:2 3 runed translucent doors, Tofran's ghost, veteran FoFi


Innate Abilities, Weirdness & Mutations

You are too large for most types of armour.
You have tough skin. (AC +1)


Message History

You sock the deep troll! You impale the deep troll!!
You barely miss the deep troll shaman.
You stick the deep troll like a pincushion!!!!
You kill the deep troll!
The deep troll shaman calls upon its god to speed up the deep troll.
The deep troll seems to speed up.
The deep troll bites you! The deep troll claws you.
The deep troll claws you but does no damage.
Cast which spell? (? or * to list) Space momentarily warps into an impossible shape!
You pound the deep troll shaman like an anvil!!!!
You kill the deep troll shaman!
The troll leather armour is intact enough to wear.
You impale the deep troll!!
You beat the deep troll like a drum!!!!
You kill the deep troll!
You hear a shout!
Cast which spell? (? or * to list) Space momentarily warps into an impossible shape!
You crush the deep troll like a grape!!!!!
You kill the deep troll!
You impale the deep troll!!
You kill the deep troll!
There is a fountain of clear blue water here.
You hear a slurping noise.
Things that are here:
a +0 troll leather armour; a deep troll corpse An ettin comes into view.
It is wielding two +0 dire flails.
You hear a slurping noise.
Cast which spell? (? or * to list) Space momentarily warps into an impossible shape!
You hit the ettin but do no damage.
Cast which spell? (? or * to list) Space momentarily warps into an impossible shape!
You flatten the ettin like a pancake!!!!
You kill the ettin!
You hear a shout! x3; You hear a horrible gurgling sound! x2; You hear a shout!
You hear a grinding noise.
A deep troll comes into view.
A deep troll earth mage and a deep troll come into view.
The deep troll shouts!
Cast which spell? (? or * to list) Space momentarily warps into an impossible shape!
You barely miss the deep troll earth mage.
You impale the deep troll!! You closely miss the deep troll.
You hear a horrible gurgling sound!
You hear a shout!
Cast which spell? (? or * to list) Space momentarily warps into an impossible shape!
You closely miss the deep troll. You impale the deep troll!!
You beat the deep troll earth mage like a drum!!!
You hear a horrible gurgling sound!
A red ugly thing comes into view. x3
Cast which spell? (? or * to list) Space momentarily warps into an impossible shape!
You perforate the deep troll like a sieve!!!!
You kill the deep troll!
You hammer the red ugly thing like a gong!!!!!
You kill the red ugly thing!
You perforate the deep troll like a sieve!!!!
You kill the deep troll!
The troll leather armour is intact enough to wear.
A red ugly thing comes into view.
An iron troll comes into view.
You hear a slurping noise.
Cast which spell? (? or * to list) Space momentarily warps into an impossible shape!
You hit the deep troll earth mage but do no damage.
You puncture the red ugly thing! You bludgeon the red ugly thing!!
A deep troll comes into view.
Cast which spell? (? or * to list) Space momentarily warps into an impossible shape!
You barely miss the iron troll.
You barely miss the deep troll earth mage.
You flatten the red ugly thing like a pancake!!!
You kill the red ugly thing!
Cast which spell? (? or * to list) Space momentarily warps into an impossible shape!
You puncture the deep troll earth mage!
You kill the deep troll earth mage!
You puncture the iron troll!
You pound the deep troll like an anvil!!!!!
You kill the deep troll!
Your life force feels restored.
Cast which spell? (? or * to list) Space momentarily warps into an impossible shape!
You pound the iron troll like an anvil!!!!
You kill the iron troll!
The troll leather armour is intact enough to wear.
You hit the red ugly thing.
You hammer the red ugly thing like a gong!!!!
You kill the red ugly thing!
Cast which spell? (? or * to list) Space momentarily warps into an impossible shape!
You skewer the red ugly thing like a kebab!!!
You kill the red ugly thing!
You hear a slurping noise.
You hear a distant slurping noise.
You hear a slurping noise.
You hear a slurping noise.
Found a potion of lignification.
You hear a slurping noise.
You hear a distant slurping noise.
You hear a slurping noise.
You hear a distant slurping noise.
Unknown command.
You hear a distant slurping noise.
Found a runed great mace.
Found a robe.
An ice dragon comes into view.
Cast which spell? (? or * to list) Space momentarily warps into an impossible shape!
You crush the ice dragon like a grape!!!
You hear two shouts!
Cast which spell? (? or * to list) Space momentarily warps into an impossible shape!
You spit the ice dragon like a pig!!!!
You kill the ice dragon!
The ice dragon scales are intact enough to wear.
You hear an angry hiss.
A frost giant comes into view.
It is wielding a +1 battleaxe of freezing.
The frost giant shouts!
Cast which spell? (? or * to list) Space momentarily warps into an impossible shape!
You crush the frost giant like a grape!!!!
You hear a slurping noise.
Cast which spell? (? or * to list) Space momentarily warps into an impossible shape!
You crush the frost giant like a grape!!!
You kill the frost giant!
An ettin comes into view. It is wielding two +0 dire flails.
Cast which spell? (? or * to list) Space momentarily warps into an impossible shape!
You perforate the ettin like a sieve!!!
You hear an angry hiss.
Cast which spell? (? or * to list) Space momentarily warps into an impossible shape!
You spit the ettin like a pig!!!
You kill the ettin!
A death drake comes into view.
The death drake breathes miasma at you.
Press: ? - help, v - describe, . - travel The floor.
Cast which spell? (? or * to list) Space momentarily warps into an impossible shape!
You puncture the death drake!
Cast which spell? (? or * to list) Space momentarily warps into an impossible shape!
You impale the death drake!!
Cast which spell? (? or * to list) Space momentarily warps into an impossible shape!
You completely miss the death drake.
Cast which spell? (? or * to list) Space momentarily warps into an impossible shape!
You bludgeon the death drake!!
The death drake changes into a sea snake!
Cast which spell? (? or * to list) Space momentarily warps into an impossible shape!
You bludgeon the sea snake!!
Cast which spell? (? or * to list) Space momentarily warps into an impossible shape!
You pound the sea snake like an anvil!!!!
You kill the sea snake!
You hear a deafening roar!
Things that are here:
+0 ice dragon scales; an ice dragon corpse You see here a +1 battleaxe of freezing.
You hear a slurping noise.
Things that are here:
a +0 dire flail; a +0 dire flail; an ettin corpse A fire dragon comes into view.
The fire dragon roars deafeningly!
You hear a slurping noise.
Cast which spell? (? or * to list) Space momentarily warps into an impossible shape!
You barely miss the fire dragon.
Cast which spell? (? or * to list) Space momentarily warps into an impossible shape!
You stick the fire dragon like a pincushion!!!
You hear a slurping noise.
Cast which spell? (? or * to list) Space momentarily warps into an impossible shape!
You spit the fire dragon like a pig!!! Okawaru sends forces against you!
A deep elf knight, 4 giants, a yellow draconian and 2 purple draconians come into view.
A fire giant is wielding a +2 great sword of flaming.
A fire giant is wielding a +2 great sword of flaming.
A frost giant is wielding a +4 battleaxe of freezing.
Okay, then.
Clouds of poison gas condense around you!
The condenser dries out!
The yellow draconian roars!
Cast which spell? (? or * to list) Space momentarily warps into an impossible shape!
You completely miss the titan.
You pound the fire giant like an anvil!!!!
You skewer the frost giant like a kebab!!!!!
You kill the frost giant!
That felt strangely unrewarding.
The fire giant is engulfed in poison gas.
The fire giant is poisoned.
The yellow draconian is engulfed in poison gas.
The yellow draconian is poisoned.
The purple draconian is engulfed in poison gas.
The purple draconian is poisoned.
The fire giant is engulfed in poison gas.
The fire giant is poisoned.
The fire giant hits you with a +2 great sword of flaming!!
The titan is engulfed in poison gas.
The titan is poisoned.
The deep elf knight is engulfed in poison gas.
The deep elf knight is poisoned.
The purple draconian is engulfed in poison gas.
The purple draconian is poisoned.
Cast which spell? (? or * to list) Space momentarily warps into an impossible shape!
You spit the purple draconian like a pig!!!
You barely miss the deep elf knight.
You crush the fire dragon like a grape!!!!
You kill the fire dragon!
The fire dragon scales are intact enough to wear.
The purple draconian is engulfed in poison gas.
The purple draconian looks even sicker.
The purple draconian is engulfed in poison gas.
The purple draconian looks even sicker.
The titan is engulfed in poison gas.
The titan looks even sicker.
The titan completely misses you.
The deep elf knight is engulfed in poison gas.
The deep elf knight looks even sicker.
The deep elf knight hits you but does no damage.
The fire giant is engulfed in poison gas.
The fire giant looks even sicker.
You kill the fire giant!
That felt strangely unrewarding.
The yellow draconian is engulfed in poison gas.
The yellow draconian looks even sicker.
The fire giant is engulfed in poison gas.
The fire giant looks even sicker.
The fire giant hits you but does no damage.
Cast which spell? (? or * to list) Space momentarily warps into an impossible shape!
You stick the purple draconian like a pincushion!!!!
You kill the purple draconian!
That felt strangely unrewarding.
You thump the fire giant!
You perforate the yellow draconian like a sieve!!!
The purple draconian is engulfed in poison gas.
The purple draconian looks even sicker.
The purple draconian closely misses you.
The purple draconian hits the glowing orange brain with a +0 hand axe.
The titan is engulfed in poison gas.
The titan looks even sicker.
The titan hits you!
The deep elf knight is engulfed in poison gas.
The deep elf knight looks even sicker.
The deep elf knight hits you with a +0 long sword!
The fire giant is engulfed in poison gas.
The fire giant looks even sicker.
The fire giant hits you but does no damage.
The glowing orange brain is engulfed in poison gas.
The glowing orange brain is poisoned.
Cast which spell? (? or * to list) Space momentarily warps into an impossible shape!
You hammer the purple draconian like a gong!!!!
You pound the titan like an anvil!!!
You flatten the yellow draconian like a pancake!!!!
You kill the yellow draconian!
That felt strangely unrewarding.
You puncture the fire giant!
* * * LOW MAGIC WARNING * * *
The deep elf knight is engulfed in poison gas.
The deep elf knight looks as sick as possible!
The deep elf knight completely misses you.
The purple draconian is engulfed in poison gas.
The purple draconian looks as sick as possible!
You kill the purple draconian!
That felt strangely unrewarding.
The titan is engulfed in poison gas.
The titan looks as sick as possible!
The titan mumbles some strange words.
The titan is healed somewhat.
The fire giant is engulfed in poison gas.
The fire giant looks as sick as possible!
The fire giant barely misses you.
The glowing orange brain is engulfed in poison gas.
The glowing orange brain looks even sicker.
You beat the titan like a drum!!!
The titan is almost dead.
The titan is engulfed in poison gas.
The titan looks as sick as possible!
The titan closely misses you.
The fire giant is engulfed in poison gas.
The fire giant looks as sick as possible!
The fire giant closely misses you.
The deep elf knight looks as sick as possible!
The deep elf knight closely misses you.
The glowing orange brain is engulfed in poison gas.
The glowing orange brain looks even sicker.
You impale the titan!!
You kill the titan!
That felt strangely unrewarding.
The deep elf knight is engulfed in poison gas.
The deep elf knight looks as sick as possible!
The deep elf knight mumbles some strange words.
The deep elf knight seems to speed up.
The glowing orange brain is engulfed in poison gas.
The glowing orange brain looks as sick as possible!
The fire giant is engulfed in poison gas.
The fire giant looks as sick as possible!
The fire giant hits you with a +2 great sword of flaming!
You hammer the fire giant like a gong!!!!
You kill the fire giant!
That felt strangely unrewarding.
The deep elf knight is engulfed in poison gas.
The deep elf knight looks as sick as possible!
The deep elf knight closely misses you.
The glowing orange brain is engulfed in poison gas.
The glowing orange brain looks as sick as possible!
You spit the deep elf knight like a pig!!!!
You kill the deep elf knight!
That felt strangely unrewarding.
The glowing orange brain is engulfed in poison gas.
The glowing orange brain looks as sick as possible!
You start resting.
The glowing orange brain is engulfed in poison gas.
The glowing orange brain looks as sick as possible!
You hear a slurping noise.
You start resting.
The glowing orange brain is engulfed in poison gas.
The glowing orange brain looks as sick as possible!
You start resting.
The glowing orange brain is engulfed in poison gas.
The glowing orange brain looks as sick as possible!
Really fly into that cloud of poison gas?
Okay, then.
You start resting.
The glowing orange brain is engulfed in poison gas.
The glowing orange brain looks as sick as possible!
You start resting.
The glowing orange brain is engulfed in poison gas.
The glowing orange brain looks as sick as possible!
You hear a slurping noise.
You start resting.
The glowing orange brain is engulfed in poison gas.
The glowing orange brain looks as sick as possible!
You start resting.
The glowing orange brain is engulfed in poison gas.
The glowing orange brain looks as sick as possible!
You start resting.
The glowing orange brain is engulfed in poison gas.
The glowing orange brain looks as sick as possible!
Press: ? - help, v - describe, . - travel The floor, spattered with blood.
There is a cloud of poison gas here.
No monsters, items or features are visible.
Unknown command.
You hear a distant slurping noise.
HP restored.
You reach down and open the door.
There is an open door here.
Jiyva says: Divide and consume!
HP restored.
You reach down and open the door.
Magic restored.
There is an open door here.
Magic restored.
As you open the door, it creaks loudly!
A sixfirhy comes into view.
Found a one-way gate leading to the halls of Pandemonium.
Jiyva gurgles merrily.
There is an open door here.
Cast which spell? (? or * to list) Space momentarily warps into an impossible shape!
You hammer the sixfirhy like a gong!!!!
You kill the sixfirhy!
Magic restored.
You hear a distant slurping noise.
There is an open door here.
You hear a distant slurping noise.
You hear a distant slurping noise.
You swap places.
There is an open door here.
You hear a distant slurping noise.
You hear a distant slurping noise.
You reach down and open the door.
There is an open door here.
An iron troll comes into view.
A deep troll comes into view.
The deep troll shouts!
A deep troll earth mage comes into view.
The deep troll moves out of view.
The deep troll earth mage shouts!
You hear a shout!
A deep troll earth mage comes into view.
Cast which spell? (? or * to list) Space momentarily warps into an impossible shape!
You spit the deep troll earth mage like a pig!!!!
You kill the deep troll earth mage!
The troll leather armour is intact enough to wear.
You bludgeon the iron troll!!
You hit the deep troll but do no damage.
A deep troll comes into view.
Jiyva will now mutate your body as you gain piety.
You can now call acidic ooze from nearby walls.
An iron troll comes into view.
Cast which spell? (? or * to list) Space momentarily warps into an impossible shape!
You barely miss the deep troll.
You hammer the iron troll like a gong!!!!
You kill the iron troll!
You bludgeon the deep troll earth mage!!
The deep troll bites you! The deep troll claws you. The deep troll claws you!
Cast which spell? (? or * to list) Space momentarily warps into an impossible shape!
You thump the iron troll! You hit the deep troll.
You hit the deep troll earth mage but do no damage.
The iron troll bites you! The iron troll claws you. x2
The deep troll earth mage gestures next to you while chanting.
Some rock shatters into small pieces.
The deep troll bites you! The deep troll claws you!
The deep troll closely misses you.
Cast which spell? (? or * to list) Space momentarily warps into an impossible shape!
You beat the deep troll like a drum!!!!
You kill the deep troll!
You barely miss the deep troll earth mage.
You pound the deep troll like an anvil!!!!
You kill the deep troll!
The iron troll bites you! The iron troll claws you! The iron troll misses you.
Cast which spell? (? or * to list) Space momentarily warps into an impossible shape!
You sock the deep troll earth mage! You spit the iron troll like a pig!!!!!
You kill the iron troll!
The troll leather armour is intact enough to wear.
The deep troll earth mage misses you.
The deep troll earth mage barely misses you. x2
You closely miss the deep troll earth mage.
The deep troll earth mage is heavily wounded.
The deep troll earth mage bites you!
The deep troll earth mage closely misses you.
The deep troll earth mage claws you but does no damage.
Okawaru sends forces against you! 3 frost giants and 7 elves come into view.
A frost giant is wielding a +1 battleaxe of freezing.
A frost giant is wielding a +2 battleaxe of freezing.
A frost giant is wielding a +2 battleaxe of freezing.
A deep elf pyromancer is wielding a +1 heavy long sword.
A deep elf zephyrmancer is wielding a +0 rapier of venom.
Cast which spell? (? or * to list) Space momentarily warps into an impossible shape!
You closely miss the deep troll earth mage.
You perforate the deep elf zephyrmancer like a sieve!!!!
You kill the deep elf zephyrmancer!
That felt strangely unrewarding.
You perforate the frost giant like a sieve!!!
You hear a deafening roar!
The deep troll earth mage bites you. The deep troll earth mage claws you!
The deep troll earth mage barely misses you.
Cast which spell? (? or * to list) Space momentarily warps into an impossible shape!
You miss the deep elf knight.
You flatten the deep elf pyromancer like a pancake!!!!
You kill the deep elf pyromancer!
That felt strangely unrewarding.
You barely miss the deep elf knight. The deep troll earth mage bites you.
The deep troll earth mage claws you!
The deep troll earth mage closely misses you.
Cast which spell? (? or * to list) Space momentarily warps into an impossible shape!
You flatten the deep elf knight like a pancake!!!
You hammer the frost giant like a gong!!!!
You kill the frost giant!
That felt strangely unrewarding.
You closely miss the deep elf archer.
The deep elf blademaster hits you with a +0 rapier.
The deep elf blademaster hits you with a +0 rapier!
The deep elf knight hits you with a +0 scimitar.
The deep troll earth mage bites you but does no damage.
The deep troll earth mage claws you.
The deep troll earth mage barely misses you.
The frost giant misses you.
The deep elf blademaster hits you but does no damage.
The deep elf blademaster hits you with a +0 rapier.
You hear a slurping noise.
The frost giant hits you with a +2 battleaxe of freezing!!!
* * * LOW HITPOINT WARNING * * *
The frost giant freezes you!
* * * LOW HITPOINT WARNING * * *
Okay, then.
Unknown command.
Read: 2 scrolls of fear
Press: ? - help, Dir - look around, f - activate Look: a deep elf knight, wielding a +0 scimitar (severely wounded, durably summoned, chance to affect: 64%)
As you read the scroll of fear, it crumbles to dust.
You assume a fearsome visage.
The deep elf knight resists with almost no effort.
The frost giant resists with almost no effort.
The deep elf blademaster easily resists.
The frost giant easily resists.
The deep elf knight easily resists.
The deep elf archer looks frightened! x2
The deep troll earth mage looks frightened!
The deep elf blademaster hits you with a +0 rapier!
* * * LOW HITPOINT WARNING * * *
The deep elf blademaster hits you with a +0 rapier!
* * * LOW HITPOINT WARNING * * *
The deep elf archer casts a spell.
The deep elf archer blinks!
The deep elf archer mumbles some strange words.
The deep elf archer blinks!
The frost giant hits you with a +2 battleaxe of freezing!!
* * * LOW HITPOINT WARNING * * *
The frost giant freezes you.
* * * LOW HITPOINT WARNING * * *
The deep elf knight hits you with a +0 scimitar!
* * * LOW HITPOINT WARNING * * *
The deep elf knight points at you and mumbles some strange words.
The shard of ice hits you!! You partially resist.
* * * LOW HITPOINT WARNING * * *
The frost giant hits you with a +2 battleaxe of freezing!
* * * LOW HITPOINT WARNING * * *
The frost giant freezes you.
You die...

.... '## ..#. #...##
..... #.....## ...J.
##e8..^8.## #
.[....##.#.....#.## ##.
......#...8...8...###.#.
......CC..§.............
......T@e.8...8...#.....
......#ee#.....#.##.....
..... .#§.8...8.###.....
.... #. #......##.......
... .. #....##.#......
.# ### #.'##..#......
#....##......
########...#. #......


You could see a deep elf blademaster, 2 frost giants, a deep elf archer (repels
missiles, fleeing), 2 deep elf knights, a deep troll earth mage (fleeing) and a
neutral jelly (wandering) (fellow slime).

Vanquished Creatures
  A dread lich (Crypt:2)
  Mara (Snake:3)
  Vashnia (Snake:3)
  Xtahua (Vaults:4)
  Saint Roka (Snake:4)
  A profane servitor (Crypt:3)
  A bone dragon (Crypt:3)
  Mlioglotl (Shoals:3)
  Rupert (Lair:4)
  Jorgrun (Shoals:3)
  Asterion (Elf:3)
  4 titans
  2 deep elf blademasters (Elf:3)
  2 deep elf master archers (Elf:3)
  12 acid blobs
  A lich (Crypt:3)
  8 ancient champions
  6 sphinxes
  A tengu reaver (Vaults:1)
  6 fire giants
  Kirke (D:12)
  2 revenants (Crypt:3)
  Donald (Vaults:4)
  Roxanne (Snake:4)
  Ilsuiw (Shoals:2)
  The ghost of Bymi the Fighter, an adept FoGl of Okawaru (D:15)
  7 rockslimes
  2 storm dragons (Elf:1)
  6 vault wardens
  7 nagarajas
  5 deep elf sorcerers
  7 azure jellies
  Louise (D:15)
  11 frost giants
  8 ghouls
  Aizul (Snake:4)
  18 ironbound preservers
  2 deep elf elementalists (Elf:3)
  A war gargoyle (Vaults:4)
  7 quicksilver oozes
  7 very ugly things
  A reaper (Crypt:2)
  9 ironbound thunderhulks
  A stone giant (D:15)
  2 orc warlords
  12 deep elf demonologists
  9 vampire knights
  3 green draconians
  6 deep elf annihilators (Elf:3)
  3 yellow draconians
  A black draconian (Crypt:1)
  Azrael (D:15)
  A red draconian (D:15)
  2 purple draconians (Depths:1)
  A minotaur (Shoals:4)
  8 deep elf death magi
  3 eidola
  16 dire elephants
  2 blizzard demons (IceCv)
  4 ettins
  A fire dragon (Depths:1)
  Josephine (D:11)
  3 merfolk javelineers
  14 jiangshi
  A rakshasa (D:13)
  10 yaktaur captains
  2 deep elf high priests (Elf:3)
  Fannar (Lair:1)
  The ghost of Dorkslayer the Cleaver, a journeyman GrFi of Gozag (Orc:2)
  2 hydras
  5 ice dragons
  A spriggan zombie (Crypt:3)
  A caustic shrike simulacrum (IceCv)
  6 great orbs of eyes
  9 salamander tyrants
  14 vault guards
  2 ogre magi (Orc:2)
  A fenstrider witch zombie (Crypt:2)
  A merfolk avatar (Shoals:1)
  5 ironbound frosthearts
  2 peacekeepers (Vaults:4)
  3 death knights
  20 centaur warriors
  11 anacondas
  2 merfolk aquamancers
  13 satyrs (Shoals:4)
  4 boulder beetles
  A catoblepas (Lair:4)
  13 two-headed ogres
  An azure jelly zombie (Crypt:3)
  A deep troll shaman (Depths:1)
  2 deep troll earth magi (Depths:1)
  15 naga warriors
  4 thrashing horrors (Lair:5)
  An orc high priest (Elf:3)
  18 dancing weapons
  10 vampire magi
  21 naga sharpshooters
  13 shock serpents
  4 soul eaters
  Sonja (Lair:5)
  A sixfirhy (Depths:1)
  A shadow wraith (Crypt:1)
  3 iron trolls (Depths:1)
  23 deep elf knights
  A bunyip zombie (Crypt:3)
  6 salamander mystics
  A sea snake (shapeshifter) (Depths:1)
  14 sea snakes
  22 skeletal warriors
  67 deep trolls
  Lodul (D:12)
  3 flayed ghosts (Crypt:2)
  An obsidian statue (IceCv)
  2 glowing orange brains
  12 spriggan simulacra (IceCv)
  4 lindwurms
  12 naga ritualists
  2 bog bodies
  9 phantasmal warriors
  19 deep elf archers
  28 deep elf zephyrmancers
  An iron giant skeleton (Crypt:3)
  2 necromancers
  Pikel (D:6)
  5 orc knights
  An anaconda skeleton (Crypt:3)
  34 deep elf pyromancers
  11 harpies
  15 ironbound convokers
  8 wizards
  17 mana vipers
  40 ugly things
  5 orc sorcerers
  8 fauns
  22 manticores
  A human zombie (Vaults:3)
  A stone giant zombie (Crypt:3)
  7 cyclopes
  20 salamanders
  A shadow dragon skeleton (Crypt:1)
  6 elephants
  A moth of wrath (D:6)
  4 guardian serpents
  4 shining eyes
  An elf zombie (Vaults:3)
  4 water nymphs
  10 merfolk sirens
  18 vault sentinels
  Joseph (D:10)
  A smoke demon (Lair:5)
  An eye of devastation (Slime:1)
  A torpor snail (shapeshifter) (Lair:5)
  43 black mambas
  A naga skeleton (Crypt:3)
  3 torpor snails
  A grey draconian zombie (Crypt:2)
  Psyche (D:11)
  A gargoyle (D:13)
  10 komodo dragons
  16 naga magi
  A white draconian zombie (Crypt:2)
  14 cane toads
  18 rime drakes
  37 yaktaurs
  An unseen horror (D:12)
  3 kobold demonologists (D:11)
  Maggie (D:6)
  A red draconian skeleton (Crypt:2)
  2 golden dragon simulacra (IceCv)
  An unseen horror zombie (Crypt:2)
  6 freezing wraiths
  A yaktaur (shapeshifter) (D:15)
  4 ice devils (IceCv)
  A guardian mummy (Crypt:3)
  2 ancient zymes (Lair:5)
  2 polar bears
  A harpy zombie (Crypt:3)
  2 tengu conjurers (D:14)
  A polar bear (shapeshifter) (Elf:2)
  24 merfolk
  14 trolls
  A hornet (Lair:2)
  A hydra skeleton (Crypt:3)
  A mana viper skeleton (Crypt:2)
  An ice dragon zombie (Crypt:2)
  13 dream sheep
  10 wind drakes
  24 blink frogs
  6 snapping turtles
  A jumping spider zombie (Crypt:1)
  A jumping spider (shapeshifter) (Elf:1)
  Sigmund (D:2)
  13 wraiths
  2 ynoxinuls (Lair:5)
  A spriggan (Lair:5)
  7 air elementals
  2 shadows
  122 slime creatures
  5 vampires
  A spriggan (shapeshifter) (D:15)
  12 water elementals
  2 dire elephant simulacra (IceCv)
  55 yaks
  7 basilisks
  7 large abominations
  8 wyverns
  5 fire elementals
  Eustachio (D:6)
  2 chaos spawn (Lair:5)
  A human (shapeshifter) (D:15)
  9 steam dragons
  3 vampire mosquitoes (D:11)
  7 minotaur simulacra (IceCv)
  5 hogs (D:12)
  3 wargs
  Menkaure (D:7)
  69 nagas
  6 acid dragons
  2 hydra simulacra
  A harpy simulacrum (IceCv)
  3 floating eyes
  5 hell hounds (D:15)
  15 water moccasins
  A hornet zombie (Crypt:2)
  3 black bears
  An ice beast (D:8)
  34 orc warriors
  4 alligator simulacra (IceCv)
  A boggart (shapeshifter) (Lair:5)
  30 ogres
  8 boggarts
  24 centaurs
  10 wolves
  A hog skeleton (Crypt:3)
  3 lemures (D:6)
  3 kobold brigands
  3 scorpions
  4 earth elementals
  10 bullfrogs
  3 necrophages
  2 gnoll sergeants (D:5)
  10 deep troll simulacra (IceCv)
  A human skeleton (Vaults:3)
  16 small abominations
  13 wights
  A queen bee zombie (Crypt:1)
  A killer bee (shapeshifter) (Elf:2)
  A lindwurm simulacrum (IceCv)
  4 killer bees (D:8)
  A raiju skeleton (Crypt:3)
  11 electric eels
  8 howler monkeys
  2 jellies
  19 orc priests
  A gnoll bouda (D:5)
  5 hounds
  4 iguanas
  25 orc wizards
  A hound skeleton (Crypt:1)
  9 mummies (Crypt:3)
  Robin (D:2)
  24 gnolls
  10 adders
  A swamp drake zombie (Crypt:1)
  2 shadow imps
  A white imp (D:7)
  An ufetubus (D:7)
  A lava snake zombie (Crypt:3)
  7 worms
  3 dart slugs
  110 orcs
  A bat zombie (Crypt:2)
  2 endoplasms
  A giant cockroach (D:2)
  23 goblins
  17 hobgoblins
  A quokka (D:2)
  10 ball pythons
  3 bats
  3 frilled lizards
  A frilled lizard skeleton (Crypt:1)
  A hobgoblin skeleton (Crypt:3)
  20 kobolds
  6 rats
  A rat zombie (Crypt:3)
  A river rat zombie (Crypt:2)
  2 butterflies (Lair:5)
2147 creatures vanquished.

Vanquished Creatures (others)
  A cacodemon (Temple)
  A blizzard demon (Temple)
  A deep elf archer (Elf:1)
  A small abomination (Elf:3)
  A steam dragon (Lair:2)
  A two-headed ogre skeleton (Crypt:1)
  12 jellies
  An orc wizard (Elf:1)
  3 mummies (Crypt:3)
  3 orcs (Elf:1)
  18 fungi
  99 plants
142 creatures vanquished.

Grand Total: 2289 creatures vanquished

Notes
Turn   | Place    | Note
-------+----------+-------------------------------------------
     0 | D:1      | jagoly the Ogre Warper began the quest for the Orb.
     0 | D:1      | Reached XP level 1. HP: 22/22 MP: 3/3
   180 | D:1      | Reached skill level 1 in Stealth
   244 | D:1      | Reached XP level 2. HP: 15/29 MP: 5/5
   614 | D:2      | Found a shimmering altar of Xom.
   696 | D:2      | Reached XP level 3. HP: 33/36 MP: 6/6
   982 | D:3      | Found a hazy altar of Hepliaklqana.
  1146 | D:3      | Found a sacrificial altar of Ru.
  1190 | D:3      | Reached XP level 4. HP: 26/44 MP: 7/7
  1310 | D:2      | Noticed Sigmund
  1960 | D:4      | Learned a level 2 spell: Blink
  1989 | D:4      | Reached XP level 5. HP: 50/50 MP: 8/8
  2355 | D:4      | Reached XP level 6. HP: 59/59 MP: 9/9
  2553 | D:5      | Entered Level 5 of the Dungeon
  2559 | D:5      | Reached skill level 5 in Maces & Flails
  2930 | D:5      | Noticed a black bear
  3172 | D:6      | Noticed Eustachio
  3466 | D:5      | Reached XP level 7. HP: 62/66 MP: 10/10
  4144 | D:2      | Noticed Robin
  4174 | D:2      | Killed Robin
  4436 | D:2      | Reached skill level 3 in Fighting
  4692 | D:5      | Reached XP level 8. HP: 38/75 MP: 6/11
  4919 | D:5      | Reached skill level 4 in Fighting
  5285 | D:6      | Killed Eustachio
  5286 | D:6      | Reached skill level 5 in Fighting
  5534 | D:6      | Noticed Maggie
  6312 | D:7      | Reached XP level 9. HP: 76/89 MP: 12/12
  6373 | D:7      | Reached skill level 6 in Fighting
  6515 | D:7      | Found a flagged portal.
  6549 | Bailey   | Entered a bailey
  6559 | Bailey   | Noticed an orc warlord
  6777 | Bailey   | Found a runed translucent gate.
  6777 | Bailey   | Found a runed translucent gate.
  6777 | Bailey   | Found a runed translucent gate.
  7010 | D:7      | Noticed Menkaure
  7013 | D:7      | Killed Menkaure
  7234 | D:7      | Found an ancient bone altar of Kikubaaqudgha.
  7259 | D:7      | Found a staircase to the Ecumenical Temple.
  8229 | D:8      | Reached skill level 7 in Fighting
  8374 | D:8      | Reached skill level 10 in Maces & Flails
  8596 | D:8      | Reached XP level 10. HP: 104/104 MP: 13/13
  8605 | D:8      | Reached skill level 8 in Fighting
  8710 | Temple   | Entered the Ecumenical Temple
  8710 | Temple   | Noticed a Hell Sentinel
  8710 | Temple   | Noticed a Hell Sentinel
  8712 | Temple   | Noticed Ydghol the pandemonium lord
  8712 | Temple   | Noticed a sun demon
  8712 | Temple   | Noticed a blizzard demon
  8712 | Temple   | Noticed Xiowaa the pandemonium lord
  8712 | Temple   | Noticed Diaf the pandemonium lord
  8712 | Temple   | Noticed a cacodemon
  8713 | Temple   | Noticed Kioddej the pandemonium lord
  8713 | Temple   | Noticed a hell beast
  8714 | Temple   | Noticed a rust devil
  8715 | Temple   | Noticed a hellion
  8755 | Temple   | Killed a cacodemon
  8770 | Temple   | Noticed Xuir the pandemonium lord
  8770 | Temple   | Noticed an Executioner
  8770 | Temple   | Noticed a Brimstone Fiend
  8801 | Temple   | Noticed Guysohaegu the pandemonium lord
  9189 | Temple   | Killed a blizzard demon
  9575 | Temple   | Became a worshipper of Warmaster Okawaru
  9787 | D:8      | Upgraded the game from 0.30-a0-671-g2f0a868 to
                  | 0.30-a0-672-gc3a7216
  9844 | D:8      | Found a staircase to the Lair.
  9859 | D:8      | Identified the ring of the Cockroach {rPois rN+ Str+4
                  | Dex+2}
  9991 | D:8      | Reached * piety under Okawaru
  9992 | D:8      | Reached skill level 5 in Throwing
 10075 | D:8      | Found Otoen's Specific Store.
 10076 | D:8      | Found Cuakiy's General Store.
 10426 | D:8      | Found a stormy altar of Qazlal.
 10535 | D:8      | Bought a potion of magic for 88 gold pieces
 10694 | D:2      | Killed Sigmund
 11150 | D:9      | Reached ** piety under Okawaru
 11447 | D:9      | Found a radiant altar of Vehumet.
 11448 | D:9      | Found a white marble altar of Elyvilon.
 11910 | D:10     | Entered Level 10 of the Dungeon
 12242 | D:10     | Reached XP level 11. HP: 113/113 MP: 14/14
 12271 | D:10     | Reached *** piety under Okawaru
 12499 | D:10     | Received a gift from Okawaru
 12500 | D:10     | Reached skill level 9 in Fighting
 12513 | D:10     | Reached skill level 5 in Dodging
 12905 | D:10     | Found an opulent altar of Gozag.
 12906 | D:10     | Found a sparkling altar of Nemelex Xobeh.
 12970 | D:10     | Found a shimmering altar of Xom.
 12973 | D:10     | Found a radiant altar of Vehumet.
 12973 | D:10     | Found a shimmering altar of Xom.
 12975 | D:10     | Found a blossoming altar of Fedhas.
 12975 | D:10     | Found an iron altar of Okawaru.
 12975 | D:10     | Found an iron altar of Okawaru.
 13232 | D:10     | Noticed Joseph
 13245 | D:10     | Killed Joseph
 13308 | D:10     | Noticed a cyclops
 13316 | D:10     | Killed a cyclops
 13316 | D:10     | Received a gift from Okawaru
 13531 | D:11     | Found a staircase to the Orcish Mines.
 13633 | D:11     | Noticed a two-headed ogre
 13679 | D:11     | Reached **** piety under Okawaru
 13692 | D:11     | Noticed a manticore
 13757 | D:11     | Killed a manticore
 13799 | D:10     | Received a gift from Okawaru
 13928 | D:11     | Noticed Josephine
 13947 | D:11     | Killed Josephine
 13948 | D:11     | Reached skill level 10 in Fighting
 14043 | D:11     | Received a gift from Okawaru
 14330 | D:11     | Reached XP level 12. HP: 126/126 MP: 12/15
 14582 | D:11     | Noticed Psyche
 14593 | D:11     | Killed Psyche
 14896 | D:11     | Found Eganid's Armour Emporium.
 14999 | D:11     | Killed a two-headed ogre
 14999 | D:11     | Reached ***** piety under Okawaru
 14999 | D:11     | Received a gift from Okawaru
 15034 | D:11     | Learned a level 4 spell: Manifold Assault
 15155 | Lair:1   | Entered Level 1 of the Lair of Beasts
 15345 | Lair:1   | Reached skill level 11 in Fighting
 15661 | Lair:1   | Received a gift from Okawaru
 15820 | Lair:1   | Found a broken altar of Ashenzari.
 16045 | Lair:1   | Reached skill level 12 in Fighting
 16187 | Lair:1   | Noticed Fannar
 16225 | Lair:1   | Killed Fannar
 16226 | Lair:1   | Reached skill level 1 in Armour
 17305 | Lair:2   | Reached skill level 1 in Invocations
 17450 | Lair:2   | Found a staircase to the Shoals.
 17506 | Lair:2   | Reached XP level 13. HP: 106/141 MP: 16/16
 17523 | Lair:2   | Received a gift from Okawaru
 17773 | Lair:2   | Identified the +1 robe of Thoughtfulness {Str-2 Dex+4}
                  | (Okawaru gifted it to you on level 2 of the Lair of Beasts)
 17773 | Lair:2   | Received a gift from Okawaru
 17841 | Lair:2   | Reached skill level 13 in Fighting
 19030 | Lair:3   | Identified the +0 ring mail of Gravity {rN+ Str-5 Int+2}
 19117 | Lair:3   | Found a staircase to the Snake Pit.
 20247 | Lair:3   | Reached skill level 14 in Fighting
 20414 | Lair:4   | Noticed Rupert
 20462 | Lair:4   | Reached skill level 10 in Throwing
 20762 | Lair:4   | Received a gift from Okawaru
 21102 | Lair:5   | Entered Level 5 of the Lair of Beasts
 21145 | Lair:4   | Received a gift from Okawaru
 21433 | Lair:5   | Reached ****** piety under Okawaru
 21442 | Lair:4   | Reached XP level 14. HP: 143/157 MP: 17/17
 21476 | Lair:5   | Identified the +0 robe of the Dwarven Hall {rF- Str+2 Int+4
                  | SInv} (Okawaru gifted it to you on level 5 of the Lair of
                  | Beasts)
 21476 | Lair:5   | Received a gift from Okawaru
 21819 | Lair:5   | Noticed Sonja
 21836 | Lair:5   | Killed Sonja
 21913 | Lair:4   | Reached skill level 15 in Fighting
 23175 | Lair:5   | Found a staircase to the Slime Pits.
 23467 | Lair:5   | Reached skill level 16 in Fighting
 23680 | Lair:5   | Received a gift from Okawaru
 24622 | Lair:5   | Identified the +7 giant club of Watchfulness {venom,
                  | Fragile Str+4 Dex+5 Stlth+} (Okawaru gifted it to you on
                  | level 5 of the Lair of Beasts)
 24622 | Lair:5   | Received a gift from Okawaru
 25327 | Lair:5   | Found a corrupted altar of Lugonu.
 25327 | Lair:5   | Found a one-way gate to the infinite horrors of the Abyss.
 25345 | Lair:5   | Identified the +1 dagger of Fioff {heavy, rF+ Stlth+}
 26830 | D:12     | Noticed Kirke
 27329 | D:12     | Identified the +2 hat of Action {Dex+2} (Okawaru gifted it
                  | to you on level 12 of the Dungeon)
 27329 | D:12     | Received a gift from Okawaru
 27340 | D:12     | Reached skill level 17 in Fighting
 27343 | D:12     | Noticed Lodul
 27416 | D:12     | Killed Lodul
 27885 | D:12     | Killed Kirke
 27886 | D:12     | Reached XP level 15. HP: 174/174 MP: 18/18
 28102 | Orc:1    | Entered Level 1 of the Orcish Mines
 28300 | Orc:1    | Found Lotz's Overcharged Wands.
 28597 | Orc:1    | Found Favoh's Antique Weapon Boutique.
 28751 | Orc:2    | Entered Level 2 of the Orcish Mines
 28763 | Orc:2    | Found a runed translucent door.
 28763 | Orc:2    | Found a shimmering altar of Xom.
 28763 | Orc:2    | Noticed Dorkslayer's ghost (journeyman GrFi)
 29121 | Orc:2    | Found a staircase to the Elven Halls.
 29153 | Orc:2    | Noticed an orc warlord
 29284 | Orc:2    | Killed an orc warlord
 29561 | Orc:2    | Reached skill level 15 in Maces & Flails
 29966 | Orc:2    | Reached skill level 10 in Dodging
 30071 | Orc:2    | Found Ipeh's Antique Weapon Shop.
 30078 | Orc:2    | Found Punash's Distillery.
 30090 | Orc:2    | Found Cofag's Book Emporium.
 30097 | Orc:2    | Received a gift from Okawaru
 30399 | Orc:2    | Found Edicric's Book Boutique.
 30692 | D:13     | Received a gift from Okawaru
 30851 | D:13     | Reached skill level 18 in Fighting
 31362 | D:13     | Found a gate to the Vaults.
 32003 | D:14     | Reached XP level 16. HP: 166/185 MP: 19/19
 32286 | D:14     | Found a shadowy altar of Dithmenos.
 32605 | D:15     | Entered Level 15 of the Dungeon
 32644 | D:15     | Found a frozen archway.
 32650 | D:15     | Noticed Louise
 32655 | D:15     | Killed Louise
 32695 | IceCv    | Entered an ice cave
 32712 | IceCv    | Identified the +2 hat of Ustimupi {Fly rF+ Str+2 Dex-2}
                  | (Okawaru gifted it to you in an ice cave)
 32712 | IceCv    | Received a gift from Okawaru
 34040 | IceCv    | Reached skill level 1 in Evocations
 34723 | D:15     | Found Gikhlos's Weapon Shoppe.
 34732 | D:15     | Noticed Azrael
 34742 | D:15     | Reached skill level 5 in Spellcasting
 34743 | D:15     | Killed Azrael
 34799 | D:15     | Received a gift from Okawaru
 35193 | D:15     | Found a runed translucent door.
 35193 | D:15     | Noticed Bymi's ghost (adept FoGl)
 35251 | D:15     | Received a gift from Okawaru
 35397 | D:15     | Found a staircase to the Depths.
 35696 | D:15     | Bought a throwing net for 42 gold pieces
 35832 | Orc:2    | Bought a manual of Translocations for 1200 gold pieces
 35878 | Orc:2    | HP: 9/185 [poisoned by a +2 great mace of chaos]
 36054 | Orc:2    | Killed Dorkslayer's ghost
 36304 | Snake:1  | Entered Level 1 of the Snake Pit
 36418 | Snake:1  | Reached skill level 5 in Translocations
 36557 | Snake:1  | Reached XP level 17. HP: 178/193 MP: 28/28
 36615 | Snake:1  | Received a gift from Okawaru
 37143 | Snake:1  | Identified the +1 robe "Meesoqur" {rC+ Dex+4} (Okawaru
                  | gifted it to you on level 1 of the Snake Pit)
 37143 | Snake:1  | Received a gift from Okawaru
 37222 | Snake:1  | You are sucked into a shaft and drop 1 floor!
 37642 | Snake:2  | Identified 2 scrolls of acquirement
 37643 | Snake:2  | Acquired the ring "Pinyffor" {rF+ Will+}
 37649 | Snake:2  | Acquired 945 gold pieces
 37875 | Snake:2  | Found Vorch's Magic Scroll Emporium.
 38067 | Snake:2  | Reached skill level 10 in Translocations
 38320 | Snake:2  | Found Boseurph's Antique Weapon Shop.
 39274 | Snake:3  | Received a gift from Okawaru
 39551 | Snake:3  | Reached skill level 10 in Spellcasting
 39555 | Snake:3  | Noticed Vashnia
 39559 | Snake:3  | Noticed Mara
 39566 | Snake:3  | Killed Vashnia
 39566 | Snake:3  | Identified the +1 robe of Supple Strength {-Tele rN++}
                  | (Okawaru gifted it to you on level 3 of the Snake Pit)
 39566 | Snake:3  | Received a gift from Okawaru
 39581 | Snake:3  | Killed Mara
 39594 | Snake:2  | Bought a scroll of acquirement for 572 gold pieces
 39594 | Snake:2  | Bought a scroll of blinking for 82 gold pieces
 39594 | Snake:2  | Bought a scroll of immolation for 44 gold pieces
 39594 | Snake:2  | Acquired 1167 gold pieces
 40515 | Snake:4  | Entered Level 4 of the Snake Pit
 40523 | Snake:4  | Reached XP level 18. HP: 182/204 MP: 24/34
 40697 | Snake:4  | Noticed Roxanne
 41268 | Snake:4  | Identified the +4 dire flail "Mashrogey" {speed, Int+3}
                  | (Okawaru gifted it to you on level 4 of the Snake Pit)
 41268 | Snake:4  | Received a gift from Okawaru
 41516 | Snake:4  | Noticed Aizul
 41532 | Snake:4  | Killed Aizul
 41664 | Snake:4  | Noticed Saint Roka
 41670 | Snake:4  | Killed Saint Roka
 42256 | Snake:4  | Received a gift from Okawaru
 43025 | Snake:4  | Got a serpentine rune of Zot
 43126 | Snake:4  | Received a gift from Okawaru
 43508 | Snake:4  | Killed Roxanne
 43509 | Snake:4  | Reached XP level 19. HP: 214/214 MP: 5/36
 44392 | Shoals:1 | Entered Level 1 of the Shoals
 44483 | Lair:2   | Reached skill level 19 in Fighting
 45718 | Shoals:1 | Identified the +2 robe of Death's Door {Rampage Will+ Str-4
                  | Int+3} (Okawaru gifted it to you on level 1 of the Shoals)
 45718 | Shoals:1 | Received a gift from Okawaru
 45969 | Shoals:2 | Noticed Ilsuiw
 45982 | Shoals:2 | Killed Ilsuiw
 46647 | Shoals:3 | Found the +9 staff of Olgreb {rPois∞}
 46709 | Shoals:3 | Noticed Jorgrun
 46722 | Shoals:3 | Killed Jorgrun
 47103 | Shoals:3 | Noticed Mlioglotl
 47112 | Shoals:3 | Killed Mlioglotl
 47458 | Shoals:4 | Entered Level 4 of the Shoals
 48037 | Shoals:4 | Received a gift from Okawaru
 48043 | Shoals:4 | Identified the ring of Hipeano {Wiz rElec rPois}
 48577 | Shoals:4 | Reached skill level 15 in Spellcasting
 48719 | Shoals:4 | Reached skill level 20 in Fighting
 48860 | Shoals:4 | Reached XP level 20. HP: 220/228 MP: 20/39
 48972 | Shoals:4 | Got a barnacled rune of Zot
 49038 | Shoals:4 | Identified the +8 war axe of Honour {antimagic, rF+ rC+}
 49813 | Vaults:1 | Entered Level 1 of the Vaults
 50117 | Vaults:1 | Received a gift from Okawaru
 50609 | Vaults:1 | Identified the ring of Xom's Attic {Fly rC+ rN+ EV+5}
 50645 | Vaults:1 | Reached skill level 15 in Translocations
 51014 | Vaults:1 | Received a gift from Okawaru
 51150 | Vaults:1 | Reached skill level 21 in Fighting
 51328 | Vaults:1 | Received a gift from Okawaru
 51328 | Vaults:1 | Found the +3 robe of Clouds {*Thunder rCloud rElec}
 52365 | Vaults:2 | Found Ydiqir's Armour Emporium.
 52430 | Vaults:2 | Bought a scarf of repulsion for 204 gold pieces
 52503 | Vaults:2 | Found Vaesiohus's General Store.
 52503 | Vaults:2 | Found Egreuwku's Distillery.
 52511 | Vaults:2 | Bought 2 potions of ambrosia for 288 gold pieces
 52511 | Vaults:2 | Bought a potion of heal wounds for 90 gold pieces
 52521 | Vaults:2 | Bought a potion of haste for 180 gold pieces
 52521 | Vaults:2 | Bought a potion of haste for 180 gold pieces
 52685 | Vaults:2 | Reached skill level 22 in Fighting
 52775 | Vaults:2 | Reached XP level 21. HP: 245/245 MP: 33/41
 52861 | Vaults:2 | Found a staircase to the Crypt.
 52971 | Vaults:2 | Identified the +0 acid dragon scales "Tafytuf" {Harm +Inv
                  | Will+ rCorr Dex+6} (Okawaru gifted it to you on level 2 of
                  | the Vaults)
 52971 | Vaults:2 | Received a gift from Okawaru
 53546 | Vaults:2 | Identified the +4 rapier "Lifebane" {flame, rN+++ Will-
                  | Int+7 Dex-3}
 53849 | Vaults:2 | Identified the +1 scale mail of the Merchant {Rampage rCorr
                  | Int-4 Stlth+}
 54452 | Vaults:3 | Found Edomede's Assorted Antiques.
 54613 | Vaults:3 | Found Diplo's Antique Armour Boutique.
 54735 | Vaults:3 | Found Luis's Jewellery Shoppe.
 54778 | Vaults:3 | Identified the +9 great mace of Sharkskin {vamp, Will+}
                  | (Okawaru gifted it to you on level 3 of the Vaults)
 54778 | Vaults:3 | Received a gift from Okawaru
 54789 | Vaults:3 | Found Inuuriat's Weapon Emporium.
 54909 | Vaults:3 | Reached skill level 23 in Fighting
 54959 | Vaults:3 | Found a portal to a secret trove of treasure.
 55693 | Vaults:3 | You paid a toll of a +7 demon whip to enter a treasure
                  | trove
 55694 | Trove    | Entered a treasure trove
 55705 | Trove    | Identified the ring "Boexzah" {rF+ Str+6 Dex-2 Slay+2}
 55721 | Trove    | Identified the +1 dagger of Focus {venom, Stlth+}
 56469 | Vaults:4 | Noticed a dread lich
 56923 | Vaults:4 | Received a gift from Okawaru
 56960 | Vaults:4 | Noticed Xtahua
 57026 | Vaults:4 | Reached XP level 22. HP: 137/260 MP: 8/43
 57203 | Vaults:4 | Acquired 560 gold pieces
 57466 | Vaults:4 | Reached XP level 23. HP: 271/271 MP: 44/44
 57786 | Vaults:4 | Killed Xtahua
 57787 | Vaults:4 | Reached skill level 24 in Fighting
 58083 | Vaults:4 | Noticed Donald
 58090 | Vaults:4 | Killed Donald
 58090 | Vaults:4 | Received a gift from Okawaru
 59464 | D:15     | Killed Bymi's ghost
 59653 | D:6      | Killed Maggie
 59699 | D:6      | Noticed Pikel
 59703 | D:6      | Killed Pikel
 59710 | D:6      | Identified the +2 robe of the Wicked Stag {*Slow rElec
                  | rF+++ Dex-4}
 59810 | D:6      | Found a bloodstained altar of Trog.
 60002 | Elf:1    | Entered Level 1 of the Elven Halls
 60267 | Elf:1    | Paralysed by an air elemental for 1 turns
 61028 | Elf:1    | Found a runed translucent gate.
 61028 | Elf:1    | Found a runed translucent gate.
 61028 | Elf:1    | Found a runed translucent gate.
 61028 | Elf:1    | Found a runed translucent gate.
 61028 | Elf:1    | Found a runed translucent gate.
 61030 | Elf:1    | Found a runed translucent gate.
 61053 | Elf:1    | Received a gift from Okawaru
 61443 | Elf:1    | Identified the +5 dagger "Faful" {heavy, rElec rC- rN+}
 61963 | Elf:2    | Paralysed by an air elemental for 1 turns
 62025 | Elf:2    | Found a runed translucent gate.
 62025 | Elf:2    | Found a runed translucent gate.
 62025 | Elf:2    | Found a runed translucent gate.
 62046 | Elf:2    | Reached skill level 5 in Armour
 62925 | Elf:3    | Entered Level 3 of the Elven Halls
 63139 | Elf:3    | Noticed Asterion
 63151 | Elf:3    | Killed Asterion
 63270 | Elf:3    | Reached XP level 24. HP: 282/282 MP: 13/46
 63772 | Elf:3    | Identified the +9 battleaxe "Vogoreso" {antimagic, rElec
                  | rC- rCorr}
 63862 | Elf:3    | Received a gift from Okawaru
 64303 | Elf:3    | Received a gift from Okawaru
 64598 | Elf:3    | Identified the +1 robe "Zuymab" {rElec}
 64619 | Elf:3    | Identified the amulet of Konefrin {Reflect *Slow Fly
                  | Will+++ Dex-2 SH+5}
 64802 | Elf:3    | Got the Papyrus of the Vile Arsonist
 64903 | Elf:3    | Learned a level 4 spell: Passage of Golubria
 65414 | Orc:2    | Bought the +7 lajatang of Order {silver, rMut} for 1878
                  | gold pieces
 65414 | Orc:2    | Found the +7 lajatang of Order {silver, rMut}
 65694 | Lair:4   | Found a transporter.
 65695 | Lair:4   | Found a transporter.
 66421 | Lair:4   | Killed Rupert
 66503 | Slime:1  | Entered Level 1 of the Pits of Slime
 66577 | Slime:1  | You are sucked into a shaft and drop 1 floor!
 67009 | Slime:3  | Paralysed by a floating eye for 3 turns
 67605 | Slime:5  | Entered Level 5 of the Pits of Slime
 67669 | Slime:4  | Identified the +7 giant club of the Common Good {holy, rC++
                  | Int+4 SInv Stlth-} (Okawaru gifted it to you on level 4 of
                  | the Pits of Slime)
 67669 | Slime:4  | Received a gift from Okawaru
 67944 | Slime:5  | Reached skill level 25 in Fighting
 67979 | Slime:5  | Noticed the Royal Jelly
 68251 | Slime:5  | Found a viscous altar of Jiyva.
 68259 | Slime:5  | Fell from the grace of Okawaru
 68259 | Slime:5  | Became a worshipper of Jiyva Jezyl the Shapeless
 69201 | D:8      | Bought a scroll of enchant weapon for 82 gold pieces
 69201 | D:8      | Bought a scroll of enchant weapon for 82 gold pieces
 69371 | Vaults:2 | Bought a scroll of enchant weapon for 135 gold pieces
 69392 | Crypt:1  | Entered Level 1 of the Crypt
 70286 | Crypt:2  | Reached * piety under Jiyva
 70301 | Crypt:2  | Reached XP level 25. HP: 254/296 MP: 28/47
 70309 | Crypt:2  | Found a runed translucent gate.
 70309 | Crypt:2  | Found a runed translucent gate.
 70309 | Crypt:2  | Found a runed translucent gate.
 70310 | Crypt:2  | Noticed Tofran's ghost (veteran FoFi)
 70528 | Crypt:2  | Noticed a dread lich
 70531 | Crypt:2  | Killed a dread lich
 70840 | Crypt:3  | Entered Level 3 of the Crypt
 71062 | Crypt:3  | Reached ** piety under Jiyva
 71282 | Crypt:3  | Reached skill level 26 in Fighting
 71414 | Crypt:3  | Identified the +5 ring mail "Ybbig" {Dex+2 Stlth+}
 71428 | Crypt:3  | Found a basalt altar of Yredelemnul.
 71449 | Crypt:3  | Got Goget's Vellum of Exhumation
 71490 | Crypt:3  | Found an ancient bone altar of Kikubaaqudgha.
 71537 | Crypt:3  | Identified the ring "Umarred" {rF- MP+9 Dex+3}
 71867 | Crypt:3  | Found a staircase to the Tomb.
 72044 | Vaults:3 | Bought a potion of cancellation for 344 gold pieces
 72245 | Orc:2    | Bought a book of Party Tricks for 192 gold pieces
 72245 | Orc:2    | Bought a manual of Throwing for 960 gold pieces
 72247 | Orc:2    | Learned a level 1 spell: Apportation
 72254 | Orc:2    | Learned a level 6 spell: Dispersal
 72302 | Orc:2    | Bought 2 potions of magic for 272 gold pieces
 72302 | Orc:2    | Bought a potion of resistance for 170 gold pieces
 72762 | D:12     | Upgraded the game from 0.30-a0-672-gc3a7216 to
                  | 0.30-a0-673-g5a0d6e5
 72762 | D:12     | Upgraded the game from 0.30-a0-673-g5a0d6e5 to
                  | 0.30-a0-691-g754fce4
 72909 | Depths:1 | Entered Level 1 of the Depths
 73083 | Depths:1 | Found a one-way gate leading to the halls of Pandemonium.
 73175 | Depths:1 | Reached *** piety under Jiyva
 73184 | Depths:1 | HP: 2/299 [frost giant/+2 battleaxe of freezing[the fury of
                  | Okawaru] (16)]
 73184 | Depths:1 | Slain by a frost giant

Illustrated notes

Levels and vault maps discovered:
D:1:      dpeg_arrival_long_road, layout_rooms
D:2:      layout_basic, basic_altar, kennysheep_generic_room_7, uniq_robin,
          uniq_sigmund
D:3:      layout_rooms, nzn_hepliaklqana_mist_gate, nicolae_ru_path_of_blood,
          kennysheep_generic_room_16
D:4:      layout_gridville, reono_crystal_passage
D:5:      layout_basic
D:6:      layout_basic, tgw_trog, uniq_pikel, uniq_maggie, uniq_eustachio
D:7:      layout_basic, mainiacjoe_overflow_surrounded_room,
          minmay_temple_entry_from_below_a, enter_bailey_5, kennysheep_dice,
          uniq_menkaure
D:8:      layout_loops_corners, nicolae_qazlal_style_of_elements,
          lair_entry_dummy, nicolae_specific_store
D:9:      layout_basic, mainiacjoe_overflow_catwalk_spiral,
          lemuel_flamethrower_hall
D:10:     layout_loops_ring, grunt_temple_overflow_opulence,
          doesnt_xom_only_xom, nicolae_eternal_life, lightli_minifort,
          uniq_joseph
D:11:     layout_loops_ring, orc_0_dummy, serial_shops, shop,
          gauntlet_entry_generic, minmay_fractal_squares_gapless_5,
          uniq_josephine, uniq_psyche
D:12:     layout_basic, chequers_serial_rivers_large_a, uniq_lodul, uniq_kirke
D:13:     layout_rooms, erik_vaults_2
D:14:     layout_gridville, serial_park_gazebo [serial_park_minivault_5x5_4],
          grunt_dithmenos_smoke_and_mirrors
D:15:     grunt_enter_depths_hoard, layout_loops_ring, serial_shops,
          nicolae_shop_hallway_plus, gammafunk_ghost_grave,
          portal_ice_cave_entry_pillars_four, columned_hall_lemuel, uniq_louise,
          uniq_azrael
Temple:   nicolae_temple_panitentiary
Lair:1:   layout_layer_cave, lemuel_centaur_altar, uniq_fannar
Lair:2:   layout_regular_city, minmay_shoals_entry_lonely_mermaid,
          bobbens_dragon_lair_wall, grunt_megastairs_2
Lair:3:   layout_gridlike, dummy_snake_entry, nicolae_quartered_pool_super,
          pdpol_lair_cavern_descent
Lair:4:   gammafunk_boulding_lane, layout_layer_cave, uniq_rupert
Lair:5:   hellmonk_lair_end_abyssal_woods, layout_misc_corridors,
          dpeg_slime_entry_enclosed, grunt_megastairs_1, serial_bayou_shore_a,
          infiniplex_staircase_pool_2, lemuel_fruit_fields, lemuel_fruit_fields,
          serial_bayou_shore_b, uniq_sonja
Shoals:1: layout_shoals
Shoals:2: layout_shoals, uniq_ilsuiw
Shoals:3: layout_shoals, uniq_jorgrun, uniq_mlioglotl
Shoals:4: shoals_end_hellmonk_lost_city
Snake:1:  layout_basic, serial_bayou_shore_b, grunt_megastairs_3
Snake:2:  layout_chambers, serial_shops, nicolae_shop_window_shopping,
          special_room, nicolae_take_the_stairs, grunt_ministairs_1,
          serial_bayou_lagoon_b
Snake:3:  layout_basic, uniq_vashnia, uniq_mara
Snake:4:  minmay_snake_end_coiled, layout_misc_corridors,
          nicolae_snake_magic_snake_eye, uniq_roxanne, uniq_aizul,
          uniq_saint_roka
Slime:1:  layout_caves
Slime:2:  layout_caves
Slime:3:  nicolae_slime_pool, layout_caves
Slime:4:  layout_caves
Slime:5
Orc:1:    layout_diamond_mine, serial_shops, nicolae_shop_waterfront,
          nicolae_shop_overcharged_wands
Orc:2:    st_orc_open, layout_caves, ebering_ghost_xom
Elf:1:    eino_elf_arrival_customs, layout_loops_cross, orc_legates,
          serial_sigils_hangedman_scratch, grunt_ministairs_14, st_stairs_7,
          lemuel_flamethrower_3
Elf:2:    elven_hall_of_blades_hangedman_original
          [nicolae_blade_entry_floor_patterns], layout_loops_ring,
          evilmike_minifort
Elf:3:    grunt_elf_hall_asides, layout_rooms, laboratory, uniq_asterion
Vaults:1: nicolae_vaults_network_quincunx
          [nicolae_vaults_network_quincunx_subvault,
          nicolae_vaults_network_quincunx_subvault,
          nicolae_vaults_network_quincunx_subvault,
          nicolae_vaults_network_quincunx_subvault,
          nicolae_vaults_network_quincunx_subvault],
          ontoclasm_vaults_loading_screen, v_rooms_1, st_spiral_rooms,
          vaults_room_grid, ontoclasm_vaults_ring_small, vaults_mumra_hex,
          vaults_room_pools, layout_vaults_omnigrid
Vaults:2: vaults_mumra_bighexcomb, nicolae_vaults_ring_of_whatevers,
          hangedman_vaults_slither, minmay_crypt_entry_simple_box,
          nicolae_vaults_twisting_passages, v_misc_4, v_alt_pattern_6,
          nicolae_vaults_network_quinsquares
          [nicolae_vaults_network_quincunx_subvault,
          nicolae_vaults_network_quincunx_subvault,
          nicolae_vaults_network_quincunx_subvault,
          nicolae_vaults_network_quincunx_subvault], ontoclasm_vaults_ligature,
          vaults_standard_mumra_enter_the_diamond, grunt_vaults_focal,
          nicolae_vaults_shelves_hall, nicolae_vaults_little_squares_6,
          layout_vaults_maze, serial_shops, shop, shop_statue,
          nicolae_shop_window_shopping, uniq_margery
Vaults:3: grunt_vaults_bifocal, v_misc_27, v_alt_pattern_4,
          nicolae_vaults_little_squares_6, hangedman_vaults_restitches,
          nicolae_vaults_little_squares_6, nicolae_vaults_triangles,
          hangedman_vaults_restitches, v_misc_26, layout_vaults_omnicross,
          nicolae_trove_entry_columns, serial_shops,
          nicolae_shop_window_shopping, nicolae_square_shop, shop,
          nicolae_shop_hallway_plus
Vaults:4: nicolae_vaults_what_the_h, v_misc_16, v_misc_19,
          ontoclasm_vaults_decontamination, vaults_mumra_minichess_inversion,
          vaults_mumra_chevron_long, ontoclasm_vaults_claustrophobia,
          hangedman_vaults_nails, nicolae_vaults_mini_display_case,
          ontoclasm_vaults_spin, grunt_vaults_hallway_long, grunt_vaults_funnel,
          nicolae_vaults_specimen_jars, layout_vaults_ring, uniq_xtahua,
          uniq_donald
Crypt:1:  layout_basic, minivault_5
Crypt:2:  layout_rooms, gammafunk_ghost_split
Crypt:3:  lightli_unholy_cathedral, layout_chaotic_city,
          nicolae_tomb_entry_unfolded_pyramid_orthogonal, st_stairs_1,
          minmay_misc_feat_ornament
Depths:1: layout_cave_shapes, hellmouth_1, minmay_splitting_lines,
          rand_demon_pan_entry_9, st_stairs_2, dk_noncrumbling_3,
          grunt_ministairs_10, kennysheep_another_room, drop_trap,
          kennysheep_okawaru_gauntlet

Skill      XL: |  1  2  3  4  5  6  7  8  9 10 11 12 13 14 15 16 17 18 19 20 21 22 23 24 25 |
---------------+----------------------------------------------------------------------------+-----
Stealth        | 1 2 |  2.0
Maces & Flails | 3 4 6 7 9 10 11 13 14 16 18 19 20 21 22 | 22.0
Fighting       | 3 5 7 8 10 12 14 17 18 20 22 23 24 25 26 | 26.0
Dodging        | 3 4 6 8 9 10 12 | 12.0
Translocations | 3 5 12 13 14 16 | 16.1
Throwing       | 3 6 7 8 10 12 | 12.3
Armour         | 2 3 4 6 8 |  8.4
Invocations    | 2 |  2.0
Spellcasting   | 7 12 13 15 16 17 19 20 21 | 21.7
Evocations     | 2 4 |  4.0

Action                   |  1- 3 |  4- 6 |  7- 9 | 10-12 | 13-15 | 16-18 | 19-21 | 22-24 | 25-27 || total
-------------------------+-------+-------+-------+-------+-------+-------+-------+-------+-------++-------
Melee: Mace              |    92 |   111 |     8 |       |       |       |       |       |       ||   211
       Flail             |       |       |    75 |       |       |       |       |       |       ||    75
       Whip              |       |       |   300 |       |       |       |       |       |       ||   300
       Punch             |       |       |     7 |       |       |       |       |       |       ||     7
       Dire flail        |       |       |    18 |   714 |  1214 |       |       |       |       ||  1946
       Giant club        |       |       |       |       |   101 |   989 |  1447 |   230 |   320 ||  3087
       Giant spiked club |       |       |       |       |       |       |       |   657 |   109 ||   766
       Lajatang          |       |       |       |       |       |       |       |   310 |       ||   310
       Great mace        |       |       |       |       |       |       |       |    60 |    90 ||   150
Throw: Stone             |     4 |    11 |    17 |       |       |       |       |       |       ||    32
       Throwing net      |     2 |     2 |     1 |       |     2 |       |     2 |       |       ||     9
       Dart              |       |       |     5 |     5 |    14 |       |       |       |       ||    24
       Boomerang         |       |       |    13 |    19 |   171 |   290 |    47 |    40 |    27 ||   607
       Large rock        |       |       |       |       |    12 |    23 |       |       |       ||    35
       Javelin           |       |       |       |       |     1 |     6 |       |     8 |       ||    15
 Cast: Manifold Assault  |       |       |       |       |       |   483 |   860 |   713 |   170 ||  2226
       Blink             |       |       |       |       |       |     1 |     1 |       |     1 ||     3
       Passage of Golubr |       |       |       |       |       |       |       |     2 |       ||     2
Invok: Heroism           |       |       |       |     1 |     3 |     2 |     3 |     1 |       ||    10
Evoke: Wand              |       |     6 |       |       |     1 |     2 |     1 |       |     1 ||    11
       Condenser vane    |       |       |       |       |       |       |       |       |     1 ||     1
  Use: Potion            |       |     1 |       |     1 |       |     3 |       |     1 |     1 ||     7
       Scroll            |       |       |     4 |     9 |     8 |    10 |     9 |    15 |     3 ||    58
 Stab: Sleeping          |     1 |     4 |       |     1 |     4 |     4 |       |       |       ||    14
       Distracted        |       |       |     2 |       |       |     2 |       |       |       ||     4
       Invisible         |       |       |       |       |     3 |       |       |       |       ||     3
Armor: Robe              |    29 |    47 |    33 |       |       |     9 |       |       |       ||   118
       Animal skin       |       |       |    41 |       |       |       |       |       |       ||    41
       Steam dragon scal |       |       |    26 |   216 |   193 |       |       |       |       ||   435
       Acid dragon scale |       |       |       |       |    17 |       |       |    13 |       ||    30
       Troll leather arm |       |       |       |       |    50 |    58 |    44 |     9 |       ||   161
       Storm dragon scal |       |       |       |       |       |       |       |    23 |    67 ||    90
Dodge: Dodged            |    44 |    54 |   126 |   322 |   702 |   232 |   178 |   135 |    93 ||  1886
       Repelled          |       |       |       |       |       |       |     1 |    14 |     2 ||    17

Table legend: (Time is in decaauts)
 A = Elapsed time spent in this place.
 B = Non-inter-level travel time spent in this place.
 C = Inter-level travel time spent in this place.
 D = Time resting spent in this place.
 E = Time spent auto-exploring this place.
 F = Levels seen in this place.
 G = Mean time per level.
                   A        B        C        D        E       F      G
               +--------+--------+--------+--------+--------+-----+--------+
         Total |  71553 |  62973 |   8580 |   8352 |  37856 |  50 | 1431.1 |
       Dungeon |  22985 |  18063 |   4922 |   2831 |   9469 |  15 | 1532.3 |
        Temple |    882 |    838 |     44 |      0 |     93 |   1 |  882.0 |
          Lair |  12504 |  11558 |    946 |   2013 |   6756 |   5 | 2500.8 |
        Shoals |   4897 |   4563 |    334 |    451 |   3381 |   4 | 1224.2 |
     Snake Pit |   7668 |   7306 |    362 |    940 |   5006 |   4 | 1917.0 |
    Slime Pits |   1768 |   1630 |    138 |    718 |    502 |   5 |  353.6 |
  Orcish Mines |   2934 |   2442 |    492 |    421 |   1189 |   2 | 1467.0 |
   Elven Halls |   5015 |   4740 |    275 |    353 |   3502 |   3 | 1671.7 |
        Vaults |   7980 |   7050 |    930 |    231 |   5589 |   4 | 1995.0 |
         Crypt |   2494 |   2360 |    134 |    180 |    965 |   3 |  831.3 |
        Depths |    274 |    274 |      0 |      2 |     86 |   1 |  274.0 |
         Trove |     40 |     40 |      0 |      0 |      5 |   1 |   40.0 |
        Bailey |    358 |    358 |      0 |      4 |    195 |   1 |  358.0 |
      Ice Cave |   1747 |   1747 |      0 |    206 |   1118 |   1 | 1747.0 |
               +--------+--------+--------+--------+--------+-----+--------+

Top non-repeatable levels by time:
  Lair:5: 4141 daAuts
    D:15: 3021 daAuts
 Snake:4: 2897 daAuts
  Lair:4: 2494 daAuts
Vaults:2: 2479 daAuts
  Lair:1: 2222 daAuts
 Snake:2: 2121 daAuts
  Lair:2: 2050 daAuts
   Elf:3: 2034 daAuts
    D:10: 2033 daAuts
Vaults:1: 2022 daAuts
     D:5: 1974 daAuts
     D:8: 1902 daAuts
Vaults:4: 1896 daAuts
    D:11: 1838 daAuts
